MID
KANNAPOLIS INTIMIDATORS @ HICKORY CRAWDADS
06/19/2048
 
TOP OF THE 1ST
Kannapolis Intimidators batting - Pitching for Hickory Crawdads : RHP Alexander Neustroev
Pitching: RHP Alexander Neustroev
Batting: RHB Sean Peake 0-0: Ball
1-0: Called Strike
1-1: Ball
2-1: Ground out 5-3 (Groundball, 56, EV 104.4 MPH)
Batting: RHB Mike Warzecha 0-0: Called Strike
0-1: Ball
1-1: Foul Ball, location: 2F
1-2: Ball
2-2: Ball
3-2: Base on Balls
Batting: RHB Mark Jones 0-0: Ball
1-0: Called Strike
1-1: Ball
2-1: Foul Ball, location: 2F
2-2: Reached on error, E1 (Groundball, 23, EV 68.1 MPH)
Mike Warzecha to second
Batting: LHB Herkko Haavikko 0-0: Fielders Choice at 2nd, 4-6 (Groundball, 4, EV 83.1 MPH)
Mike Warzecha to third
Batting: RHB Nick Kleckner 0-0: Ball
1-0: Foul Ball, location: 2F
1-1: Ground out 6-3 (Groundball, P, EV 82.5 MPH)
Top of the 1st over - 0 runs, 0 hits, 1 error, 2 left on base; Kannapolis 0 - Hickory 0
BOTTOM OF THE 1ST
Hickory Crawdads batting - Pitching for Kannapolis Intimidators : RHP Matt Voulgaris
Pitching: RHP Matt Voulgaris
Batting: RHB Aaron Moore 0-0: Fly out, F8 (Flyball, 8RXD, EV 100.0 MPH)
Batting: LHB Brian Gray 0-0: Called Strike
0-1: Called Strike
0-2: Hit by Pitch
Batting: RHB Matthew Starr 0-0: Fly out, F9 (Flyball, 89M, EV 76.9 MPH)
Batting: SHB Todd Hewitt 0-0: Reached on error, E4 (Groundball, 4S, EV 66.2 MPH)
Brian Gray to third
Batting: RHB Salvador Caldera 0-0: Called Strike
0-1: Ball
1-1: Ball
2-1: Hit by Pitch
Batting: LHB Lee Gerken 0-0: Called Strike
0-1: Ball
1-1: Ball
2-1: Foul Ball, location: 2F
2-2: Ball
3-2: Foul Ball, location: 2F
3-2: Hit by Pitch
Brian Gray scores
Todd Hewitt to third
Salvador Caldera to second
Batting: RHB Zach Thomason 0-0: Foul Ball, location: 2F
0-1: Called Strike
0-2: Ball
Wild Pitch!
Todd Hewitt scores
Salvador Caldera to third
Lee Gerken to second
1-2: Ground out 3-1 (Groundball, 34, EV 105.0 MPH)
Bottom of the 1st over - 2 runs, 0 hits, 1 error, 2 left on base; Kannapolis 0 - Hickory 2
TOP OF THE 2ND
Kannapolis Intimidators batting - Pitching for Hickory Crawdads : RHP Alexander Neustroev
Batting: RHB Armando Vazquez 0-0: Called Strike
0-1: Called Strike
0-2: Ball
1-2: Strikes out swinging
Batting: RHB Tatsunori Hayakawa 0-0: Ball
1-0: Ball
2-0: Called Strike
2-1: Swinging Strike
2-2: Strikes out swinging
Batting: RHB Jose Marquez 0-0: Called Strike
0-1: Ball
1-1: Ball
2-1: Called Strike
2-2: Fly out, F3 (Line Drive, 34, EV 74.4 MPH)
Top of the 2nd over - 0 runs, 0 hits, 0 errors, 0 left on base; Kannapolis 0 - Hickory 2
BOTTOM OF THE 2ND
Hickory Crawdads batting - Pitching for Kannapolis Intimidators : RHP Matt Voulgaris
Batting: RHB Dave Brabo 0-0: Ball
1-0: Called Strike
1-1: Foul Ball, location: 2F
1-2: Fly out, F9 (Flyball, 9, EV 83.8 MPH)
Batting: SHB Quido van Erp 0-0: Ball
1-0: Fly out, F5 (Popup, 25F, EV 88.8 MPH)
Batting: RHB Aaron Moore 0-0: Called Strike
0-1: Ball
1-1: Foul Ball, location: 2F
1-2: Ball
2-2: Strikes out swinging
Bottom of the 2nd over - 0 runs, 0 hits, 0 errors, 0 left on base; Kannapolis 0 - Hickory 2
TOP OF THE 3RD
Kannapolis Intimidators batting - Pitching for Hickory Crawdads : RHP Alexander Neustroev
Batting: RHB Jerry Edmiston 0-0: Swinging Strike
0-1: Ground out 6-3 (Groundball, 6, EV 78.8 MPH)
Batting: RHB Sean Peake 0-0: Called Strike
0-1: Ball
1-1: Ball
2-1: Hit by Pitch
Batting: RHB Mike Warzecha 0-0: Foul Ball, location: 2F
0-1: Ball
Sean Peake steals 2nd base
1-1: Swinging Strike
1-2: Ground out 4-3 (Groundball, 4M, EV 90.6 MPH)
Sean Peake to third
Batting: RHB Mark Jones 0-0: Called Strike
0-1: Ground out 4-3 (Groundball, 4, EV 80.6 MPH)
Top of the 3rd over - 0 runs, 0 hits, 0 errors, 1 left on base; Kannapolis 0 - Hickory 2
BOTTOM OF THE 3RD
Hickory Crawdads batting - Pitching for Kannapolis Intimidators : RHP Matt Voulgaris
Batting: LHB Brian Gray 0-0: Ground out 6-3 (Groundball, 6MD, EV 100.6 MPH)
Batting: RHB Matthew Starr 0-0: Ball
1-0: SINGLE (Line Drive, 4D, EV 98.1 MPH)
Batting: SHB Todd Hewitt 0-0: Swinging Strike
0-1: Ball
1-1: Foul Ball, location: 2F
1-2: Strikes out looking
Batting: RHB Salvador Caldera 0-0: Called Strike
0-1: Ball
1-1: SINGLE (Groundball, 34, EV 82.5 MPH) (infield hit)
Matthew Starr to second
Batting: LHB Lee Gerken 0-0: Called Strike
0-1: Called Strike
0-2: Strikes out swinging
Bottom of the 3rd over - 0 runs, 2 hits, 0 errors, 2 left on base; Kannapolis 0 - Hickory 2
TOP OF THE 4TH
Kannapolis Intimidators batting - Pitching for Hickory Crawdads : RHP Alexander Neustroev
Batting: LHB Herkko Haavikko 0-0: Ball
1-0: Called Strike
1-1: Ground out 4-3 (Groundball, 4D, EV 101.9 MPH)
Batting: RHB Nick Kleckner 0-0: Called Strike
0-1: Ball
1-1: Called Strike
1-2: Foul Ball, location: 2F
1-2: Ground out 4-3 (Groundball, 4, EV 81.2 MPH)
Batting: RHB Armando Vazquez 0-0: Ball
1-0: Foul Ball, location: 2F
1-1: Ball
2-1: Ball
3-1: Ground out U3 (Groundball, 3, EV 92.5 MPH)
Top of the 4th over - 0 runs, 0 hits, 0 errors, 0 left on base; Kannapolis 0 - Hickory 2
BOTTOM OF THE 4TH
Hickory Crawdads batting - Pitching for Kannapolis Intimidators : RHP Matt Voulgaris
Batting: RHB Zach Thomason 0-0: Ground out 4-3 (Groundball, P, EV 85.6 MPH)
Batting: RHB Dave Brabo 0-0: Ball
1-0: Foul Ball, location: 2F
1-1: Swinging Strike
1-2: SINGLE (Groundball, 56D, EV 96.9 MPH)
Batting: SHB Quido van Erp 0-0: Foul Ball, location: 2F
Balk!
Dave Brabo to second
0-1: Ball
1-1: SINGLE (Line Drive, 89S, EV 87.5 MPH)
Dave Brabo to third
Batting: RHB Aaron Moore 0-0: Swinging Strike
0-1: Ball
1-1: Called Strike
1-2: Ball
2-2: Ball
3-2: Foul Ball, location: 2F
3-2: Fly out, F9 (Flyball, 9, EV 86.9 MPH)
Runner from 3rd tags up, SCORES, throw by RF
Batting: LHB Brian Gray 0-0: Fielders Choice at 2nd, 6-4 (Groundball, 4M, EV 95.0 MPH)
Bottom of the 4th over - 1 run, 2 hits, 0 errors, 1 left on base; Kannapolis 0 - Hickory 3
TOP OF THE 5TH
Kannapolis Intimidators batting - Pitching for Hickory Crawdads : RHP Alexander Neustroev
Batting: RHB Tatsunori Hayakawa 0-0: Ball
1-0: Foul Ball, location: 2F
1-1: Foul Ball, location: 2F
1-2: Ground out 4-3 (Groundball, 4, EV 80.0 MPH)
Batting: RHB Jose Marquez 0-0: Ball
1-0: Ball
2-0: Called Strike
2-1: Fly out, F9 (Flyball, 89D, EV 75.6 MPH)
Batting: RHB Jerry Edmiston 0-0: Called Strike
0-1: Foul Ball, location: 2F
0-2: Ball
1-2: Ball
2-2: Strikes out swinging
Top of the 5th over - 0 runs, 0 hits, 0 errors, 0 left on base; Kannapolis 0 - Hickory 3
BOTTOM OF THE 5TH
Hickory Crawdads batting - Pitching for Kannapolis Intimidators : RHP Matt Voulgaris
Batting: RHB Matthew Starr 0-0: Ball
1-0: Fly out, F5 (Line Drive, 5L, EV 68.1 MPH)
Batting: SHB Todd Hewitt 0-0: Foul Ball, location: 2F
0-1: Ball
1-1: Ball
2-1: SINGLE (Line Drive, 6D, EV 104.4 MPH)
Batting: RHB Salvador Caldera 0-0: Ball
1-0: SINGLE (Groundball, 34D, EV 97.5 MPH)
Todd Hewitt to second
Runner from 2nd tries for 3rd, SAFE, throw by RF made to third
Salvador Caldera to second
Batting: LHB Lee Gerken 0-0: Ball
1-0: Called Strike
1-1: Foul Ball, location: 2F
1-2: Ball
2-2: Foul Ball, location: 2F
2-2: SINGLE (Flyball, 4D, EV 96.2 MPH)
Todd Hewitt scores
Salvador Caldera to third
Batting: RHB Zach Thomason 0-0: Ball
1-0: Called Strike
1-1: SINGLE (Groundball, 6MD, EV 103.1 MPH)
Salvador Caldera scores
Lee Gerken to second
Runner from 2nd tries for 3rd, SAFE, throw by CF made to third
Pitching: RHP Mario Napoles
Batting: RHB Dave Brabo 0-0: Ball
1-0: Ball
2-0: Foul Ball, location: 2F
2-1: Ball
3-1: Base on Balls
Zach Thomason to second
Batting: SHB Quido van Erp 0-0: Ball
1-0: Ball
2-0: Called Strike
2-1: Swinging Strike
2-2: Ball
3-2: Strikes out swinging
Batting: RHB Aaron Moore 0-0: Ball
1-0: Ball
2-0: Ball
3-0: Called Strike
3-1: Base on Balls
Lee Gerken scores
Zach Thomason to third
Dave Brabo to second
Batting: LHB Brian Gray 0-0: Called Strike
0-1: Called Strike
0-2: Strikes out swinging
Bottom of the 5th over - 3 runs, 4 hits, 0 errors, 3 left on base; Kannapolis 0 - Hickory 6
TOP OF THE 6TH
Kannapolis Intimidators batting - Pitching for Hickory Crawdads : RHP Alexander Neustroev
Batting: RHB Sean Peake 0-0: Foul Ball, location: 2F
0-1: Swinging Strike
0-2: Ball
1-2: Strikes out swinging
Batting: RHB Mike Warzecha 0-0: Ball
1-0: Ball
2-0: Ground out 4-3 (Groundball, 4, EV 85.0 MPH)
Batting: RHB Mark Jones 0-0: Called Strike
0-1: Called Strike
0-2: Strikes out swinging
Top of the 6th over - 0 runs, 0 hits, 0 errors, 0 left on base; Kannapolis 0 - Hickory 6
BOTTOM OF THE 6TH
Hickory Crawdads batting - Pitching for Kannapolis Intimidators : RHP Mario Napoles
Batting: RHB Matthew Starr 0-0: Ball
1-0: Ball
2-0: Ball
3-0: Called Strike
3-1: Base on Balls
Batting: SHB Todd Hewitt 0-0: Called Strike
0-1: Fly out, F8 (Flyball, 8LM, EV 90.6 MPH)
Batting: RHB Salvador Caldera 0-0: Called Strike
0-1: Ball
1-1: Foul Ball, location: 2F
1-2: Foul Ball, location: 2F
1-2: Strikes out swinging
Batting: LHB Lee Gerken 0-0: Ball
1-0: Ball
2-0: Ball
3-0: Base on Balls
Matthew Starr to second
Batting: RHB Zach Thomason 0-0: Ball
1-0: Ball
2-0: Foul Ball, location: 2F
2-1: Ball
3-1: Called Strike
3-2: Foul Ball, location: 2F
3-2: Base on Balls
Matthew Starr to third
Lee Gerken to second
Batting: RHB Dave Brabo 0-0: Ball
1-0: Foul Ball, location: 2F
1-1: Ball
2-1: Ball
3-1: Called Strike
3-2: Base on Balls
Matthew Starr scores
Lee Gerken to third
Zach Thomason to second
Batting: SHB Quido van Erp 0-0: Ball
1-0: Foul Ball, location: 2F
1-1: Foul Ball, location: 2F
1-2: Fielders Choice at 2nd, U4 (Groundball, 4M, EV 83.1 MPH)
Bottom of the 6th over - 1 run, 0 hits, 0 errors, 3 left on base; Kannapolis 0 - Hickory 7
TOP OF THE 7TH
Kannapolis Intimidators batting - Pitching for Hickory Crawdads : RHP Alexander Neustroev
Batting: LHB Herkko Haavikko 0-0: Hit by Pitch
Batting: RHB Nick Kleckner 0-0: Called Strike
0-1: Ball
1-1: Foul Ball, location: 2F
1-2: Ball
2-2: Strikes out looking
Batting: RHB Armando Vazquez 0-0: Ball
1-0: Called Strike
1-1: SINGLE (Flyball, 34D, EV 90.0 MPH)
Herkko Haavikko to second
Batting: RHB Tatsunori Hayakawa 0-0: DOUBLE (Flyball, 8RXD, EV 94.4 MPH)
Herkko Haavikko scores
Armando Vazquez to third
Batting: RHB Jose Marquez 0-0: Ball
1-0: Ball
2-0: Foul Ball, location: 2F
2-1: Ball
3-1: Foul Ball, location: 2F
3-2: DOUBLE (Line Drive, 7LM, EV 113.8 MPH)
Armando Vazquez scores
Tatsunori Hayakawa scores
Batting: RHB Jerry Edmiston 0-0: Called Strike
0-1: Called Strike
0-2: Foul Ball, location: 2F
0-2: Ball
1-2: Ground out 4-3 (Groundball, 4, EV 84.4 MPH)
Jose Marquez to third
Pitching: RHP Jim Ruleman
Batting: RHB Sean Peake 0-0: Ball
1-0: Ball
2-0: Called Strike
2-1: Ball
3-1: Foul Ball, location: 2F
3-2: Base on Balls
Batting: RHB Mike Warzecha 0-0: Ball
1-0: Ball
2-0: Foul Ball, location: 2F
2-1: Ground out 4-3 (Groundball, 4, EV 105.0 MPH)
Top of the 7th over - 3 runs, 3 hits, 0 errors, 2 left on base; Kannapolis 3 - Hickory 7
BOTTOM OF THE 7TH
Hickory Crawdads batting - Pitching for Kannapolis Intimidators : RHP Mario Napoles
Pitching: LHP Travis Sergo
Batting: RHB Aaron Moore 0-0: Ball
1-0: Ball
2-0: SINGLE (Groundball, 56D, EV 98.8 MPH)
Batting: LHB Brian Gray 0-0: Fly out, F7 (Flyball, 78M, EV 83.1 MPH)
Batting: RHB Matthew Starr 0-0: Foul Ball, location: 2F
0-1: Called Strike
Aaron Moore steals 2nd base (no throw)
0-2: Strikes out swinging
Batting: SHB Todd Hewitt 0-0: Called Strike
0-1: Swinging Strike
0-2: Ball
1-2: Strikes out swinging
Bottom of the 7th over - 0 runs, 1 hit, 0 errors, 1 left on base; Kannapolis 3 - Hickory 7
TOP OF THE 8TH
Kannapolis Intimidators batting - Pitching for Hickory Crawdads : RHP Jim Ruleman
Batting: RHB Mark Jones 0-0: Ball
1-0: Foul Ball, location: 2F
1-1: Fly out, F7 (Flyball, 7, EV 97.5 MPH)
Batting: LHB Herkko Haavikko 0-0: Called Strike
0-1: Ball
1-1: Foul Ball, location: 2F
1-2: Foul Ball, location: 2F
1-2: Foul Ball, location: 2F
1-2: Ball
2-2: Strikes out swinging
Batting: RHB Nick Kleckner 0-0: Called Strike
0-1: Called Strike
0-2: Foul Ball, location: 2F
0-2: Ball
1-2: Ball
2-2: Strikes out swinging
Top of the 8th over - 0 runs, 0 hits, 0 errors, 0 left on base; Kannapolis 3 - Hickory 7
BOTTOM OF THE 8TH
Hickory Crawdads batting - Pitching for Kannapolis Intimidators : LHP Travis Sergo
Batting: RHB Salvador Caldera 0-0: Called Strike
0-1: Ball
1-1: Called Strike
1-2: Foul Ball, location: 2F
1-2: Foul Ball, location: 2F
1-2: Strikes out swinging
Batting: LHB Lee Gerken 0-0: Ball
1-0: Ball
2-0: Called Strike
2-1: Ball
3-1: Ground out 4-3 (Groundball, 4S, EV 75.0 MPH)
Batting: RHB Zach Thomason 0-0: Ball
1-0: Swinging Strike
1-1: Foul Ball, location: 2F
1-2: Ball
2-2: Foul Ball, location: 2F
2-2: Ball
3-2: SOLO HOME RUN (Flyball, 7D, EV 101.2 MPH), Distance : 388 ft
Batting: RHB Dave Brabo 0-0: Called Strike
0-1: Ball
1-1: SINGLE (Line Drive, 8LS, EV 99.4 MPH)
Batting: SHB Quido van Erp Pickoff Throw to First - Out! 1-3
Bottom of the 8th over - 1 run, 2 hits, 0 errors, 0 left on base; Kannapolis 3 - Hickory 8
TOP OF THE 9TH
Kannapolis Intimidators batting - Pitching for Hickory Crawdads : RHP Jim Ruleman
Batting: RHB Armando Vazquez 0-0: Ball
1-0: Ball
2-0: Ball
3-0: Called Strike
3-1: Base on Balls
Batting: RHB Tatsunori Hayakawa 0-0: Swinging Strike
0-1: Called Strike
0-2: Foul Ball, location: 2F
0-2: Strikes out swinging
Pinch Hitting: LHB James Groshong 0-0: Ball
1-0: Swinging Strike
1-1: Foul Ball, location: 2F
1-2: Strikes out swinging
Batting: RHB Jerry Edmiston 0-0: Called Strike
0-1: Ground out 4-3 (Groundball, 4MD, EV 108.1 MPH)
Top of the 9th over - 0 runs, 0 hits, 0 errors, 1 left on base; Kannapolis 3 - Hickory 8
Tuesday, March 28th , 2023 - OOTP Baseball 23.10 Build 110